 Dungeon Crawl Stone Soup version 0.30-a0-458-g86641cc369 (webtiles) character file.

Game seed: 3085166348284598478

99 NinjaNoafa the Ducker (level 4, -2/29 HPs)
             Began as a Tengu Monk on Dec 14, 2022.
             Was a Believer of Vehumet.
             Slain by a water moccasin (8 damage)
             ... in a sewer.
             The game lasted 00:08:21 (2908 turns).

NinjaNoafa the Ducker (Tengu Monk)                  Turns: 2908, Time: 00:08:21

Health: -2/29      AC:  3    Str: 11    XL:     4   Next: 72%
Magic:  5/5        EV: 14    Int: 12    God:    Vehumet [**....]
Gold:   163        SH:  0    Dex: 17    Spells: 1/3 levels left

rFire   . . .      SeeInvis .    a - +0 falchion
rCold   + . .      Faith    .    (no shield)
rNeg    + . .      Spirit   .    b - +0 robe
rPois   .          Reflect  .    (helmet restricted)
rElec   .          Harm     .    q - +0 cloak {Stlth+}
rCorr   .          Rampage  .    (no gloves)
Will    .....                    (boots unavailable)
Stlth   ++........               (no amulet)
HPRegen 0.24/turn                g - ring of positive energy
MPRegen 0.09/turn                i - ring of protection from cold

@: confused, lethally poisoned (-2 -> -8), ambrosia-drunk
A: beak, talons 3
a: Renounce Religion


You were in a sewer.
You worshipped Vehumet.
Vehumet was pleased with you.
You visited 1 branch of the dungeon, and saw 4 of its levels.
You also visited: Sewer.

You collected 163 gold pieces.

Inventory:

Hand Weapons
 a - a +0 falchion (weapon)
Missiles
 e - 31 stones (quivered)
 s - 4 javelins
 t - 4 poisoned darts
Armour
 b - a +0 robe (worn)
 q - a +0 cloak of stealth (worn)
Jewellery
 g - a ring of positive energy (left hand)
 i - a ring of protection from cold (right hand)
Scrolls
 f - 2 scrolls of identify {unknown}
 j - a scroll of butterflies {unknown}
 m - 4 scrolls of teleportation {unknown}
 p - a scroll of enchant armour {unknown}
 u - a scroll of vulnerability {unknown}
Potions
 d - a potion of degeneration {unknown}
 h - a potion of resistance {unknown}
 k - 3 potions of curing {unknown}
 l - 2 potions of attraction {unknown}
 n - a potion of lignification {unknown}
 o - 2 potions of invisibility {unknown}
 r - a potion of magic {unknown}
 v - a potion of might {unknown}


   Skills:
 + Level 3.8 Fighting
 + Level 4.2 Long Blades
 + Level 4.3 Dodging
 - Level 2.0 Stealth
 + Level 0.2 Spellcasting
 + Level 0.5 Conjurations


You had one spell level left.
You knew the following spells:

 Your Spells              Type           Power      Damage    Failure   Level
a - Shock                 Conj/Air       0%         1d3       28%         1
b - Foxfire               Conj/Fire      0%         2x1d4     28%         1

Your spell library contained the following spells:

 Spells                   Type           Power      Damage    Failure   Level
 Sandblast                Erth           0%         2d4       32%         1
 Passwall                 Tmut/Erth      0%         N/A       45%         2
 Hailstorm                Conj/Ice       0%         3d3       65%         3
 Stone Arrow              Conj/Erth      0%         3d7       65%         3
 Ice Form                 Ice/Tmut       0%         N/A       97%         4
 Simulacrum               Ice/Necr       0%         N/A       100%        6


Dungeon Overview and Level Annotations

Branches:
Dungeon (4/15)              Sewer (1/1)
 Temple: D:4-7

Altars:
Vehumet
Xom

Annotations:
D:3 4 runed translucent doors, Crazy Yiuf; Encipher's ghost, amateur OpTm; GiantSquids's ghost, amateur TeHu; hgbash's ghost, amateur MiFi; tnk's ghost, amateur DsNe


Innate Abilities, Weirdness & Mutations

You have a beak for a mouth.
You have claws for feet.


Message History

The foxfire hits the water moccasin.
The water moccasin is moderately wounded.
Casting: Foxfire (safe; 28% risk of failure)
Confirm with . or Enter, or press ? or * to list all spells.
You conjure some foxfire!
You feel sick.
The water moccasin bites you but does no damage.
You feel sick.
The foxfire hits the water moccasin but does no damage.
The water moccasin is moderately wounded.
The foxfire hits the water moccasin but does no damage.
The water moccasin is moderately wounded.
The water moccasin closely misses you.
Casting: Foxfire (safe; 28% risk of failure)
Confirm with . or Enter, or press ? or * to list all spells.
You conjure some foxfire!
You feel sick.
You are no longer poisoned.
The water moccasin bites you.
You are lethally poisoned!
The water moccasin poisons you!
* * * LOW HITPOINT WARNING * * *
You feel very sick.
The foxfire hits the water moccasin but does no damage.
The water moccasin is moderately wounded.
The foxfire hits the water moccasin.
The water moccasin is moderately wounded.
The water moccasin closely misses you.
You are confused.
You feel invigorated.
* * * LOW HITPOINT WARNING * * *
You feel very sick. The water moccasin barely misses you.
You bump into the stone wall.
You feel very sick. The water moccasin bites you!
* * * LOW HITPOINT WARNING * * *
You bump into the stone wall.
* * * LOW HITPOINT WARNING * * *
You feel sick. The water moccasin barely misses you.
The water moccasin bites you!
You die...

..... ... ... ...
####### #.#
##....@## #!#
##...≈..S## #.#
##...≈≈≈...#######.#
#∩∩†≈≈≈≈≈..........#
##...≈≈≈...#######.#
##...≈...## #.#
##.....## #.#
####### #.# #.#


You could see a water moccasin.

Vanquished Creatures
  2 adders
  A worm (D:4)
  6 dart slugs
  An orc (D:4)
  3 ball pythons
  11 bats
  6 endoplasms
  3 giant cockroaches
  A goblin (D:2)
  5 hobgoblins
  7 quokkas
  A frilled lizard (D:1)
  4 kobolds (D:1)
  9 rats
60 creatures vanquished.

Vanquished Creatures (others)
  29 foxfires
  4 plants (D:4)
  2 withered plants (D:3)
35 creatures vanquished.

Grand Total: 95 creatures vanquished

Notes
Turn   | Place    | Note
-------+----------+-------------------------------------------
     0 | D:1      | NinjaNoafa the Tengu Monk began the quest for the Orb.
     0 | D:1      | Reached XP level 1. HP: 14/14 MP: 2/2
   324 | D:1      | Reached XP level 2. HP: 12/19 MP: 3/3
   460 | D:1      | Reached XP level 3. HP: 22/23 MP: 4/4
   789 | D:1      | Found a faded altar of an unknown god.
  1231 | D:2      | Reached XP level 4. HP: 29/29 MP: 5/5
  1917 | D:3      | Found a runed translucent gate.
  1917 | D:3      | Found a runed translucent gate.
  1918 | D:3      | Found a runed translucent gate.
  1918 | D:3      | Noticed Encipher's ghost (amateur OpTm)
  1918 | D:3      | Noticed tnk's ghost (amateur DsNe)
  1920 | D:3      | Noticed hgbash's ghost (amateur MiFi)
  1920 | D:3      | Noticed GiantSquids's ghost (amateur TeHu)
  1939 | D:3      | Found a shimmering altar of Xom.
  2207 | D:3      | Found a runed translucent door.
  2208 | D:3      | Noticed Crazy Yiuf
  2254 | D:3      | Found a radiant altar of Vehumet.
  2335 | D:3      | Became a worshipper of Vehumet
  2335 | D:3      | Reached * piety under Vehumet
  2335 | D:3      | Offered knowledge of Shock by Vehumet.
  2335 | D:3      | Reached ** piety under Vehumet
  2340 | D:3      | Learned a level 1 spell: Shock
  2405 | D:3      | Offered knowledge of Foxfire by Vehumet.
  2409 | D:3      | Learned a level 1 spell: Foxfire
  2788 | D:4      | Found a glowing drain.
  2794 | Sewer    | Entered a sewer
  2888 | Sewer    | Noticed a water moccasin
  2908 | Sewer    | Slain by a water moccasin

Illustrated notes

Levels and vault maps discovered:
D:1:      nicolae_arrival_somewhat_less_tricky_arrival, layout_basic,
          shapermc_ecumenical_altar_notcrosses, patterned_corridor
D:2:      layout_basic
D:3:      layout_loops_ring, nicolae_overflow_crystal_walls,
          lemuel_coloured_pillars_altar, gammafunk_ghost_cemetery,
          chequers_garden, uniq_crazy_yiuf_cottage
D:4:      layout_rooms, gup_sewer_entry_bubbles, roderic_lattice_a, hex_tiny,
          serial_bayou_ford_a
Sewer:    sewer_big_baddie

Skill      XL: |  1  2  3 |
---------------+----------+-----
Long Blades    | 4 |  4.2
Dodging        | 4 |  4.3
Fighting       | |  3.8
Stealth        | |  2.0
Spellcasting   | |  0.2
Conjurations   | |  0.5

Action                   |  1- 3 |  4- 6 || total
-------------------------+-------+-------++-------
Melee: Falchion          |    61 |    42 ||   103
       Kick              |    11 |    14 ||    25
       Peck              |     9 |     4 ||    13
       Punch             |       |     1 ||     1
Throw: Stone             |     1 |       ||     1
 Cast: Foxfire           |       |    20 ||    20
       Shock             |       |     3 ||     3
  Use: Potion            |       |     1 ||     1
 Stab: Sleeping          |     6 |     2 ||     8
Armor: Robe              |     4 |     9 ||    13
Dodge: Dodged            |    41 |    46 ||    87

Table legend: (Time is in decaauts)
 A = Elapsed time spent in this place.
 B = Non-inter-level travel time spent in this place.
 C = Inter-level travel time spent in this place.
 D = Time resting spent in this place.
 E = Time spent auto-exploring this place.
 F = Levels seen in this place.
 G = Mean time per level.
                   A        B        C        D        E       F      G
               +--------+--------+--------+--------+--------+-----+--------+
         Total |   2933 |   2792 |    141 |      0 |   2288 |   5 |  586.6 |
       Dungeon |   2819 |   2678 |    141 |      0 |   2212 |   4 |  704.8 |
         Sewer |    113 |    113 |      0 |      0 |     76 |   1 |  113.0 |
               +--------+--------+--------+--------+--------+-----+--------+

Top non-repeatable levels by time:
     D:1: 1196 daAuts
     D:3: 815 daAuts
     D:2: 575 daAuts
     D:4: 233 daAuts
   Sewer: 113 daAuts
